cohdb
Replays
Latest Replays
All Replays
Popular Replays
Top Player Replays
Match Explorer
How It Works
Community
CoH3 Stats
Reddit
Sign in to upload your games and track your stats! →
Sign in with Steam
Match 40024180
Unlisted
Match 40024180
Overview
Messages
Build Orders
End
Construct Section Command Post
Vickers Machine Gun Team
Infantry Section
Selects Australian Defense Battlegroup
Selects Australian Light Infantry Section
Australian Light Infantry Section
Australian Light Infantry Section
Selects 2-pounder Anti-tank Gun Team
ML 3-inch Mortar Team
Construct Platoon Command Post
2-pounder Anti-tank Gun Team
Construct Company Command Post
Matilda II Heavy Tank
CMP 15cwt Truck
Selects CMP 15cwt Supply Run
Selects Artillery Trip Wire Flares
Grenade Package
Infantry Training
Particycles
banksss33
Captain Winters
Rinzler
Lemme smash
Vergil
0
0
Comments
sign in to comment!
No comments posted yet!